 Dungeon Crawl Stone Soup version 0.18.1-48-g4cf74bf (webtiles) character file.

130 Gargoyl the Skirmisher (level 4, -5/33 HPs)
             Began as a Demonspawn Abyssal Knight on July 29, 2016.
             Was a Believer of Lugonu.
             Killed by divine providence
             ... invoked by an orc priest
              (8 damage)
             ... on level 3 of the Dungeon.
             The game lasted 00:05:23 (3170 turns).

Gargoyl the Skirmisher (Demonspawn Abyssal Knight)  Turns: 3170, Time: 00:05:24

Health: -5/33      AC: 13    Str: 11 (14) XL:     4   Next: 89%
Magic:  5/5        EV: 10    Int: 11 (13) God:    Lugonu [**....]
Gold:   157        SH:  4    Dex: 13 (15) Spells: 0 memorised, 3 levels left

rFire  . . .     SeeInvis .     a - +1 hand axe
rCold  . . .     Gourm    .     e - +0 chain mail
rNeg   . . .     Faith    .     (no shield)
rPois  .         Spirit   .     z - +0 helmet
rElec  +         Dismiss  .     p - +0 cloak
rCorr  .         Reflect  +     w - +0 pair of gloves
SustAt .         Harm     .     n - +0 pair of boots
MR     .....     Clarity  +     y - +4 amulet of reflection
Stlth  ..........               (no ring)
                                (no ring)

@: agile, not resistant to hostile enchantments, extremely unstealthy
A: talons 1, clarity, clumsy 1, frail 1, electricity resistance, rot immunity
a: Depart the Abyss, Bend Space, Renounce Religion


You were on level 3 of the Dungeon.
You worshipped Lugonu.
Lugonu was pleased with you.
You were hungry.

You visited 1 branch of the dungeon, and saw 3 of its levels.
You visited the Abyss 1 time.

You collected 157 gold pieces.

Inventory:

Hand Weapons
 a - a +1 hand axe (weapon)
 x - a +0 vampiric hand axe
Armour
 e - a +0 chain mail (worn)
 n - a +0 pair of boots (worn)
 p - a +0 cloak (worn)
 w - a +0 pair of gloves (worn)
 z - a +0 helmet (worn)
Jewellery
 y - a +4 amulet of reflection (around neck)
Scrolls
 b - a scroll of fog {unknown}
 g - 2 scrolls of teleportation {unknown}
 i - a scroll of amnesia {unknown}
 j - 2 scrolls of immolation {unknown}
 m - 2 scrolls of identify {unknown}
 t - a scroll of magic mapping {unknown}
Potions
 f - a potion of flight
 k - 2 potions of brilliance
Comestibles
 c - 5 bread rations
 l - a beef jerky
 u - a slice of pizza
 v - a royal jelly


   Skills:
 + Level 4.0 Fighting
 + Level 1.9 Axes
 * Level 3.0 Armour
 + Level 2.2 Dodging
 + Level 2.6 Invocations


You had 3 spell levels left.
You didn't know any spells.

Dungeon Overview and Level Annotations

Branches:
Dungeon (3/15)

Altars:
Yredelemnul


Innate Abilities, Weirdness & Mutations

You have sharp toenails.
You are immune to rotting.
You possess an exceptional clarity of mind.
You are clumsy. (Dex -2)
You are frail (-10% HP).
You are resistant to electric shocks.


Message History

Beogh smites you!
* * * LOW HITPOINT WARNING * * *
Unknown command.
Drink which item? (? for menu, Esc to quit)
It was a potion of degeneration.
There was something very wrong with that liquid.
You feel weakened.
You feel dopey.
You feel clumsy.
The orc priest hits you but does no damage.
Okay, then.
Read which item? (? for menu, Esc to quit)
Okay, then.
You hit the orc priest.
The orc priest is moderately wounded.
The orc priest closely misses you.
Unknown command.
You hit the orc priest.
The orc priest is moderately wounded.
The orc priest mumbles some strange prayers to Beogh against you.
Beogh smites you!
You die...

#. #.#.
.###o##<.
........#
#....#
####.###.#
#...[.#
#o##.....
#### #o# ....
.... #@# ###
#.#### #.#
#.# #.# #.#
#.# #.# #.#
#.# # #.#
########.####
#.#
#.......<....
#.#
#.#####.#...#
#.####.#
#...#..


You could see an orc priest and an orc.

Vanquished Creatures
  Robin (D:3)
  3 adders
  An ooze (D:3)
  3 dart slugs
  A worm (D:2)
  A giant gecko (D:2)
  9 orcs (D:3)
  2 ball pythons
  4 giant cockroaches
  9 goblins
  11 hobgoblins
  2 quokkas (D:3)
  4 bats
  5 giant newts
  4 kobolds
  5 rats
65 creatures vanquished.

Notes
Turn   | Place    | Note
--------------------------------------------------------------
     0 | Abyss:1  | Gargoyl the Demonspawn Abyssal Knight began the quest for the Orb.
     0 | Abyss:1  | Reached XP level 1. HP: 18/18 MP: 2/2
    36 | Abyss:1  | Found a corrupted altar of Lugonu.
   101 | Abyss:2  | Noticed a neqoxec
   101 | Abyss:2  | Gained mutation: You are frail (-10% HP). [a neqoxec]
   105 | D:1      | Escaped the Abyss
   116 | D:1      | Reached skill level 1 in Dodging
   567 | D:1      | Gained mutation: You are immune to rotting. [demonic ancestry]
   567 | D:1      | Reached XP level 2. HP: 14/21 MP: 3/3
   753 | D:1      | Reached * piety under Lugonu
  1533 | D:2      | Gained mutation: You have sharp toenails. [demonic ancestry]
  1533 | D:2      | Reached XP level 3. HP: 9/26 MP: 4/4
  2532 | D:3      | Reached ** piety under Lugonu
  2563 | D:3      | Noticed Robin
  2563 | D:3      | Reached skill level 4 in Fighting
  2566 | D:3      | Reached XP level 4. HP: 29/33 MP: 5/5
  2580 | D:3      | Killed Robin
  3005 | D:3      | Found a basalt altar of Yredelemnul.
  3155 | D:3      | Gained mutation: You possess an exceptional clarity of mind. [potion of mutation]
  3155 | D:3      | Gained mutation: You are resistant to electric shocks. [potion of mutation]
  3155 | D:3      | Gained mutation: You are clumsy. (Dex -2) [potion of mutation]
  3170 | D:3      | Killed from afar by an orc priest

Skill      XL: |  1  2  3  4 |
---------------+-------------+-----
Dodging        | 1 2 |  2.2
Armour         | 2 3 |  3.0
Fighting       | 4 |  4.0
Axes           | |  1.9
Invocations    | |  2.6

Action                   |  1- 3 |  4- 6 || total
-------------------------+-------+-------++-------
Melee: Hand axe          |   169 |   116 ||   285
Invok: Depart the Abyss  |     1 |       ||     1
  Use: Potion            |       |     9 ||     9
  Eat: Chunk             |     6 |     1 ||     7
Armor: Ring mail         |    69 |    19 ||    88
       Chain mail        |       |    27 ||    27
       Skin              |       |    14 ||    14
Dodge: Dodged            |   103 |    56 ||   159
Block: Other             |       |    14 ||    14
       Reflection        |       |     2 ||     2
